 Dungeon Crawl Stone Soup version 0.18-a0-1497-g788d838 (webtiles) character file.

275 Tomstefer the Chopper (level 6, 0/56 HPs)
             Began as a Minotaur Berserker on Mar 4, 2016.
             Was a Believer of Trog.
             Succumbed to Terence's poison
             ... on level 2 of the Dungeon.
             The game lasted 00:02:53 (1312 turns).

Tomstefer the Chopper (Minotaur Berserker)          Turns: 1312, Time: 00:02:53

Health: 0/56       AC:  9    Str: 20 (22) XL:     6   Next: 3%
Magic:  14/14      EV:  8    Int:  6 (9)  God:    Trog [**....]
Gold:   75         SH:  0    Dex: 10 (11) Spells: 0 memorised, 5 levels left

rFire  + . .     SeeInvis .     a - +0 hand axe
rCold  + . .     Gourm    .     f - +0 chain mail
rNeg   . . .     Faith    .     (no shield)
rPois  +         Spirit   .     (helmet restricted)
rElec  +         Dismiss  .     k - +0 cloak
rCorr  +         Reflect  .     (no gloves)
SustAt .         Harm     .     (no boots)
MR     .....                    (no amulet)
Stlth  ..........               (no ring)
                                b - ring of magical power

@: brilliant, lethally poisoned (0 -> -20), resistant, not resistant to hostile
enchantments, extremely unstealthy
A: retaliatory headbutt, horns 2
a: Berserk, Trog's Hand, Burn Spellbooks, Renounce Religion


You were on level 2 of the Dungeon.
You worshipped Trog.
Trog was pleased with you.
You were not hungry.

You visited 1 branch of the dungeon, and saw 2 of its levels.

You collected 75 gold pieces.

Inventory:

Hand Weapons
 a - a +0 hand axe (weapon)
Armour
 f - a +0 chain mail (worn)
 k - a +0 cloak (worn)
Jewellery
 b - a ring of magical power (left hand)
Scrolls
 d - 4 scrolls of remove curse {unknown}
 l - a scroll of amnesia {unknown}
 m - a scroll of identify {unknown}
Potions
 h - a potion of brilliance
Comestibles
 c - a bread ration
 g - a slice of pizza
 j - 2 meat rations
 n - 7 chunks of flesh
 o - 2 fruits


   Skills:
 + Level 5.3 Fighting
 * Level 7.1 Axes
 - Level 2.4 Armour
 - Level 2.1 Dodging


You had 5 spell levels left.
You didn't know any spells.

Dungeon Overview and Level Annotations

Branches:
Dungeon (2/15)

Altars:
Dithmenos


Innate Abilities, Weirdness & Mutations

You reflexively headbutt those who attack you in melee.
You have a pair of horns on your head.


Message History

* * * LOW HITPOINT WARNING * * *
You feel very sick.
Drink which item? (? for menu, Esc to quit)
It was a potion of degeneration.
There was something very wrong with that liquid.
You feel weakened.
You feel dopey.
You feel clumsy.
* * * LOW HITPOINT WARNING * * *
You feel sick.
* * * LOW HITPOINT WARNING * * *
You feel very sick.
Things that are here:
a short sword of venom; a chain mail There isn't anything to butcher here.
* * * LOW HITPOINT WARNING * * *
You feel sick.
Read which item? (? for menu, Esc to quit)
Okay, then.
* * * LOW HITPOINT WARNING * * *
You feel sick.
You die...

###(### ##...##
#†#### .....#
#.....## ##....#
.###.# #......##
##.###.# .# .+
#.......####...##.#
.# ##
#.......'.......#.#
.#
#.......####...##.#
.# #.....)##
##.###.# ..
#.....## ### #.#
### ##.@.## #.#
##'## ..# #.# #.#
#.# ... ... ...


There were no monsters in sight!

Vanquished Creatures
  Sigmund (D:2)
  Crazy Yiuf (D:2)
  Terence (D:2)
  Robin (D:2)
  A worm (D:2)
  A dart slug (D:1)
  2 giant geckos (D:1)
  6 bats
  4 giant cockroaches (D:1)
  15 goblins
  A hobgoblin (D:2)
  A giant newt (D:1)
  5 kobolds
  8 rats
48 creatures vanquished.

Notes
Turn   | Place    | Note
--------------------------------------------------------------
     0 | D:1      | Tomstefer the Minotaur Berserker began the quest for the Orb.
     0 | D:1      | Reached XP level 1. HP: 19/19 MP: 0/0
    55 | D:1      | Reached skill level 4 in Axes
   115 | D:1      | Reached XP level 2. HP: 27/27 MP: 1/1
   340 | D:1      | Reached XP level 3. HP: 33/33 MP: 2/2
   373 | D:1      | Reached ** piety under Trog
   609 | D:2      | Noticed Sigmund
   615 | D:2      | Killed Sigmund
   615 | D:2      | Reached skill level 5 in Fighting
   615 | D:2      | Reached skill level 6 in Axes
   615 | D:2      | Reached XP level 4. HP: 42/42 MP: 3/3
   615 | D:2      | Reached XP level 5. HP: 48/48 MP: 4/4
   883 | D:2      | Noticed Crazy Yiuf
   888 | D:2      | Killed Crazy Yiuf
  1097 | D:2      | Found a shadowy altar of Dithmenos.
  1234 | D:2      | Noticed Robin
  1246 | D:2      | Killed Robin
  1246 | D:2      | Reached skill level 7 in Axes
  1286 | D:2      | Noticed Terence
  1305 | D:2      | Killed Terence
  1305 | D:2      | Reached XP level 6. HP: 19/56 MP: 5/5
  1311 | D:2      | HP: 2/56 [poisoned by Terence]
  1312 | D:2      | Succumbed to Terence's poison

Vault maps used:
D:1:      scummos_arrival_hexagon, hangedman_decor_growths
D:2:      grunt_temple_overflow_opulence, overflow_temple_1_default,
          nicolae_dithmenos_through_a_glass_darkly, uniq_terence, uniq_sigmund,
          uniq_robin, uniq_crazy_yiuf_cottage

Skill      XL: |  1  2  3  4  5 |
---------------+----------------+-----
Axes           | 4 6 7 |  7.1
Fighting       | 4 5 |  5.3
Armour         | |  2.4
Dodging        | |  2.1

Action                   |  1- 3 |  4- 6 || total
-------------------------+-------+-------++-------
Melee: Hand axe          |    53 |    45 ||    98
Invok: Berserk           |     1 |     2 ||     3
  Use: Potion            |       |     3 ||     3
  Eat: Bread ration      |       |     1 ||     1
       Chunk             |       |     1 ||     1
